 Dungeon Crawl Stone Soup version 0.25.1-2-g60ff931df9 (webtiles) character file.

Game seed: 15005272185018649028

14625 DerDa the Thaumaturge (level 11, -3/74 HPs)
             Began as a Mummy Fire Elementalist on Oct 1, 2020.
             Was an Elder of Sif Muna.
             Slain by a hippogriff (7 damage)
             ... on level 10 of the Dungeon.
             The game lasted 00:45:31 (17726 turns).

DerDa the Thaumaturge (Mummy Fire Elementalist)    Turns: 17726, Time: 00:45:32

Health: -3/74      AC:  4    Str: 16    XL:     11   Next: 91%
Magic:  18/26      EV: 13    Int: 17    God:    Sif Muna [****..]
Gold:   735        SH:  5    Dex: 12    Spells: 20/33 levels left

rFire    x . .     SeeInvis .   E - +1 rapier "Concordance" {speed, Str+3} (curse)
rCold    + + .     Gourm    .   m - +0 buckler {rPois}
rNeg     + + +     Faith    .   k - +0 leather armour (curse)
rPois    ∞         Spirit   .   (no helmet)
rElec    .         Reflect  .   (no cloak)
rCorr    .         Harm     .   (no gloves)
MR       ++...                  p - +0 pair of boots
Stlth    +.........             (no amulet)
HPRegen  0.22/turn              y - ring of protection from magic
MPRegen  0.20/turn              F - ring of protection from cold

@: no status effects
A: no food or potions, fire vulnerability, cold resistance 1, negative energy
resistance 3, torment resistance, unbreathing
a: Channel Magic, Forget Spell, Divine Exegesis, Renounce Religion


You were on level 10 of the Dungeon.
You worshipped Sif Muna.
Sif Muna was greatly pleased with you.
You were not hungry.

You visited 3 branches of the dungeon, and saw 13 of its levels.
You also visited: Sewer.

You collected 761 gold pieces.
You spent 26 gold pieces at shops.

Inventory:

Hand Weapons
 e - a +2 short sword of venom
 j - a +4 flail of freezing
 l - a +4 scimitar
 o - a +2 flail of draining
 r - the +2 mace of Massacring {flame, Str+4}
   (You found it on level 5 of the Dungeon)

   It has been specially enchanted to burn those struck by it, causing extra
   injury to most foes and up to half again as much damage against particularly
   susceptible opponents.
   It affects your strength (+4).
 x - a +3 scimitar of flaming
 E - the cursed +1 rapier "Concordance" (weapon) {speed, Str+3}
   (You found it on level 9 of the Dungeon)

   Attacks with this weapon are significantly faster.
   It affects your strength (+3).
   It has a curse placed upon it.
Missiles
 i - 53 poisoned darts (quivered)
Armour
 f - a +0 robe
 k - a cursed +0 leather armour (worn)
 m - a +0 buckler of poison resistance (worn)
 p - a +0 pair of boots (worn)
 u - a +0 robe of magic resistance
Magical Staves
 D - an uncursed staff of wizardry
Jewellery
 a - an uncursed ring of protection from cold
 y - a ring of protection from magic (left hand)
 F - a ring of protection from cold (right hand)
Wands
 t - a wand of flame (34)
 v - a wand of iceblast (18)
 w - a wand of clouds (2)
 z - a wand of digging (5)
 A - a wand of random effects (52)
 C - a wand of disintegration (7)
 G - a wand of polymorph (8)
 H - a wand of paralysis (8)
Scrolls
 b - 5 scrolls of teleportation
 c - 4 scrolls of fog
 d - 8 scrolls of remove curse
 g - 9 scrolls of magic mapping
 h - 2 scrolls of amnesia
 n - 7 scrolls of identify
 q - a scroll of enchant armour
 s - a scroll of vulnerability
 B - a scroll of enchant weapon


   Skills:
 + Level 2.9 Fighting
 * Level 4.0 Dodging
 - Level 1.5 Stealth
 - Level 4.0 Shields
 * Level 11.8 Spellcasting
 * Level 8.4 Conjurations
 * Level 8.6 Fire Magic
 + Level 1.8 Air Magic
 + Level 1.8 Poison Magic
 + Level 2.7 Invocations
 + Level 2.4 Evocations


You had 20 spell levels left.
You knew the following spells:

 Your Spells              Type           Power        Failure   Level  Hunger
a - Foxfire               Conj/Fire      ####         1%          1    N/A
b - Sticky Flame          Conj/Fire      #####...     2%          4    N/A
c - Fireball              Conj/Fire      #####.....   7%          5    N/A
d - Mephitic Cloud        Conj/Pois/Air  ###.....     4%          3    N/A

Your spell library contained the following spells:

 Spells                   Type           Power        Failure   Level  Hunger
 Conjure Flame            Conj/Fire      #####...     1%          3    N/A
 Inner Flame              Hex/Fire       ###.....     4%          3    N/A
 Sting                    Tmut/Pois      ##..         6%          1    N/A
 Poisonous Vapours        Pois/Air       ###...       6%          2    N/A
 Ignite Poison            Fire/Tmut/Pois ###.....     6%          3    N/A
 Lightning Bolt           Conj/Air       ####......   28%         5    N/A
 Olgreb's Toxic Radiance  Pois           ###.....     38%         4    N/A
 Leda's Liquefaction      Hex/Erth       ##........   65%         4    N/A
 Silence                  Hex/Air        ##........   86%         5    N/A
 Orb of Destruction       Conj           #####.....   92%         7    N/A
 Summon Mana Viper        Hex/Summ       ##......     94%         5    N/A
 Darkness                 Hex            ##........   100%        6    N/A
 Disjunction              Tloc           ##........   100%        8    N/A

Dungeon Overview and Level Annotations

Branches:
Dungeon (11/15)            Temple (1/1) D:6            Lair (1/6) D:10
  Sewer (visited)
    Orc: D:9-12

Altars:
Ashenzari
Cheibriados
Dithmenos
Elyvilon
Fedhas
Gozag
Hepliaklqana
Kikubaaqudgha
Makhleb
Nemelex Xobeh
Okawaru
Qazlal
Ru
Sif Muna
Trog
Uskayaw
Vehumet
Wu Jian
Xom
Yredelemnul
Zin
The Shining One

Shops:
D:4 *}=(   D:8 (   D:11 :


Innate Abilities, Weirdness & Mutations

You do not eat or drink.
Your flesh is vulnerable to fire.
You are immune to poison.
Your flesh is cold resistant. (rC+)
You are immune to negative energy. (rN+++)
You are immune to unholy pain and torment.
You can survive without breathing.


Message History

The water moccasin is moderately wounded.
The water moccasin is covered in liquid flames!
The blink frog burns!
The water moccasin burns!
The water moccasin bites you. The blink frog hits you!
You block the hippogriff's attack. The hippogriff pecks you.
* * * LOW HITPOINT WARNING * * *
You block the hippogriff's attack.
Okay, then.
Aiming: Cloud Cone
Press: ? - help, Dir - move target cursor, p - water moccasin You create a blast of noxious fumes!
The blink frog burns!
The water moccasin burns!
The water moccasin bites you but does no damage.
The blink frog hits you!
* * * LOW HITPOINT WARNING * * *
The hippogriff is engulfed in noxious fumes.
You block the hippogriff's attack. The hippogriff pecks you.
* * * LOW HITPOINT WARNING * * *
The hippogriff claws you!
You die...

#..# #.#
##..####.......... #..#
#.#
####.........#######.
#..# #.###....P.......#
#. #..#
#.#...P.PPP......# #.
#..# #...PP.P.P.P..#..#
#. #..#
#..PP.P...P...#..# #.
#..####..P.P...P.P..P..#
#.
#.......P...####P.P....#
#.
#..###..P..P#H@#...P...#
#. #..#
#..P.§§§FS#..P....# #.
#..# #....§P####P..P...#
#. #..#
#....P.PPP.P......# #.
#..# #.....P(..P.P..#..#
#. ###..#
#......P.P.P...#..# #.
.†...#
#....P..P.P..P##..# #.
.....#
#...##....=.####..# #!
###..# #...####[.).#
#..# #.


You could see a hippogriff, a blink frog (burning) and a water moccasin
(burning).

Vanquished Creatures
  Josephine (D:11)
  Erolcha (D:11)
  Erica (D:8)
  4 two-headed ogres
  A gargoyle (D:10)
  2 blink frogs (D:10)
  3 hippogriffs
  Sigmund (D:7)
  4 wraiths
  A water elemental (D:11)
  5 yaks (D:11)
  A hungry ghost (D:9)
  2 porcupines (D:10)
  3 water moccasins
  2 ice beasts
  5 orc warriors
  A phantom (D:10)
  3 black bears
  3 necrophages (D:8)
  9 ogres
  4 wolves
  2 centaurs (D:6)
  3 big kobolds
  A crocodile (D:9)
  Blork the orc (D:5)
  4 bullfrogs
  2 scorpions
  A wyvern skeleton (D:11)
  11 killer bees
  11 wights
  A bullfrog zombie (D:11)
  An electric eel (D:11)
  12 crimson imps
  6 howler monkeys (D:11)
  2 quasits
  7 orc priests
  2 centaur skeletons
  3 hounds
  6 jellies
  11 orc wizards
  A bullfrog skeleton (D:6)
  3 iguanas
  4 worker ants
  3 hound zombies
  A howler monkey skeleton (D:11)
  4 gnolls (D:6)
  19 adders
  4 river rats
  5 shadow imps
  3 oozes
  An adder skeleton (D:4)
  An adder zombie (D:8)
  3 worms
  4 dart slugs
  12 leopard geckos
  51 orcs
  17 ball pythons
  5 bats
  9 giant cockroaches
  4 goblins
  13 hobgoblins
  6 jackals
  16 kobolds
  4 quokkas
  6 frilled lizards
  A jackal skeleton (D:4)
  A jackal zombie (D:6)
  A quokka skeleton (D:8)
  33 rats
379 creatures vanquished.

Vanquished Creatures (others)
  1295 foxfires
1295 creatures vanquished.

Grand Total: 1674 creatures vanquished

Notes
Turn   | Place    | Note
-------+----------+-------------------------------------------
     0 | D:1      | DerDa the Mummy Fire Elementalist began the quest for the
                  | Orb.
     0 | D:1      | Reached XP level 1. HP: 13/13 MP: 4/4
    68 | D:1      | Reached skill level 1 in Conjurations
    90 | D:1      | Reached skill level 3 in Spellcasting
    90 | D:1      | Reached XP level 2. HP: 19/19 MP: 0/6
   663 | D:2      | Reached XP level 3. HP: 24/24 MP: 2/7
   938 | D:2      | Reached XP level 4. HP: 21/30 MP: 1/9
  1090 | D:2      | Reached skill level 4 in Spellcasting
  1825 | D:2      | Learned a level 4 spell: Sticky Flame
  1932 | D:3      | Reached XP level 5. HP: 35/35 MP: 6/11
  2651 | D:3      | Learned a level 5 spell: Fireball
  2828 | D:4      | Found Gami's General Store.
  2928 | D:4      | Bought a scroll of identify for 26 gold pieces
  3026 | D:4      | Found Zeokef's Gadget Emporium.
  3134 | D:4      | Reached XP level 6. HP: 41/41 MP: 5/13
  3418 | D:4      | Reached skill level 5 in Spellcasting
  3575 | D:4      | Found Joohi's Jewellery Boutique.
  3799 | D:4      | Found Hueh's Antique Weapon Shop.
  3858 | D:4      | You fall into a shaft and drop 2 floors!
  3871 | D:6      | Reached XP level 7. HP: 46/46 MP: 8/15
  3928 | D:6      | Reached skill level 6 in Spellcasting
  4849 | D:6      | Reached skill level 5 in Fire Magic
  5123 | D:6      | Reached XP level 8. HP: 31/52 MP: 11/18
  5323 | D:6      | Reached skill level 7 in Spellcasting
  5481 | D:6      | Found a staircase to the Ecumenical Temple.
  5492 | Temple   | Entered the Ecumenical Temple
  5502 | Temple   | Became a worshipper of Sif Muna the Loreminder
  6696 | D:6      | Reached skill level 5 in Conjurations
  6972 | D:5      | Entered Level 5 of the Dungeon
  7070 | D:5      | Reached skill level 1 in Shields
  7070 | D:5      | Reached skill level 8 in Spellcasting
  7098 | D:5      | Reached * piety under Sif Muna
  7192 | D:5      | Found a glowing drain.
  7196 | Sewer    | Entered a sewer
  7643 | Sewer    | Reached ** piety under Sif Muna
  8198 | D:5      | Found an opulent altar of Gozag.
  8263 | D:5      | Reached XP level 9. HP: 57/57 MP: 15/21
  8424 | D:5      | Noticed Blork the orc
  8429 | D:5      | Killed Blork the orc
  8725 | D:5      | Got a warped mace
  8725 | D:5      | Identified the +2 mace of Massacring {flame, Str+4} (You
                  | found it on level 5 of the Dungeon)
  9215 | D:7      | Noticed Sigmund
  9231 | D:7      | Killed Sigmund
  9488 | D:7      | Reached *** piety under Sif Muna
  9548 | D:7      | Reached skill level 9 in Spellcasting
 10339 | D:8      | Noticed Erica
 10513 | D:8      | Noticed a two-headed ogre
 10928 | D:8      | Killed Erica
 10928 | D:8      | Reached XP level 10. HP: 13/63 MP: 6/23
 11275 | D:8      | Found a burning altar of Makhleb.
 11278 | D:8      | Noticed a two-headed ogre
 11317 | D:7      | Killed a two-headed ogre
 11317 | D:7      | Reached skill level 10 in Spellcasting
 11715 | D:8      | Found a runed translucent door.
 11730 | D:8      | Noticed a two-headed ogre
 11787 | D:8      | Killed a two-headed ogre
 12023 | D:8      | Killed a two-headed ogre
 12218 | D:8      | Found Upygushro's Antique Weapon Emporium.
 12235 | D:8      | Identified the Catalogue of Curses
 12532 | D:9      | Reached skill level 1 in Fighting
 12763 | D:9      | Found a shadowy altar of Dithmenos.
 12905 | D:9      | Reached skill level 1 in Invocations
 13009 | D:9      | Got a crystal rapier
 13009 | D:9      | Identified the cursed +1 rapier "Concordance" {speed,
                  | Str+3} (You found it on level 9 of the Dungeon)
 13228 | D:9      | Reached skill level 1 in Evocations
 13464 | D:9      | Found a shimmering altar of Xom.
 13581 | D:9      | Learned a level 3 spell: Mephitic Cloud
 13582 | D:10     | Entered Level 10 of the Dungeon
 13637 | D:10     | Reached **** piety under Sif Muna
 13637 | D:10     | Reached skill level 11 in Spellcasting
 13649 | D:10     | Reached XP level 11. HP: 71/71 MP: 1/26
 14052 | D:10     | Found a staircase to the Lair.
 15180 | D:11     | Found Tumur's Book Shop.
 15180 | D:11     | Noticed Josephine
 15325 | D:11     | Reached skill level 1 in Air Magic
 15665 | D:11     | Reached ***** piety under Sif Muna
 15817 | D:11     | Identified Sif Muna's Incunabulum of Warped Confrontation
                  | (Sif Muna gifted it to you on level 11 of the Dungeon)
 15817 | D:11     | Received a gift from Sif Muna
 15940 | D:11     | Reached skill level 1 in Poison Magic
 16200 | D:11     | Noticed a two-headed ogre
 16207 | D:11     | Killed a two-headed ogre
 16330 | D:11     | Noticed Erolcha
 16334 | D:11     | Killed Erolcha
 16812 | D:11     | Killed Josephine
 17294 | Lair:1   | Entered Level 1 of the Lair of Beasts
 17726 | D:10     | Slain by a hippogriff

Illustrated notes

Levels and vault maps discovered:
D:1:      roderic_dead_forest, layout_rooms
D:2:      layout_basic
D:3:      layout_rooms, first_ration, minmay_pentomino_pile
D:4:      layout_layer_cave, serial_shops, shop, shop, shop, kennysheep_mini,
          nicolae_shop_stone
D:5:      layout_loops_ring, gup_sewer_entry_spiral,
          nicolae_gozag_cash_rules_everything_around_me, uniq_blork_the_orc
D:6:      layout_basic, minmay_temple_entry_grid, moated_statue,
          kennysheep_small_spiral
D:7:      layout_layer_cave, sigmund_army
D:8:      minmay_the_grid_four_pointed_star [minmay_the_grid_triangle_9x9_empty,
          minmay_the_grid_triangle_9x9_subtriangle,
          minmay_the_grid_triangle_9x9_impossible_snake,
          minmay_the_grid_triangle_9x9_shrine, minmay_the_grid_prize_big_room],
          layout_gridville, serial_undead, serial_undead_b, serial_undead_c,
          serial_undead_c, serial_undead_c, serial_undead_b, serial_undead_c,
          serial_shops, nicolae_shop_behind_doors, minivault_23,
          minmay_misc_feat_hallway, uniq_erica
D:9:      layout_irregular_city, kennysheep_little_box, grunt_ogre_cave,
          nicolae_dithmenos_shadow_blocks
D:10:     layout_long_grid, grunt_lair_entry_orc_guard_hut
D:11:     layout_basic, serial_shops, nicolae_shop_stone, uniq_josephine,
          uniq_erolcha
Temple:   compressed_dpeg_triangle_lava_temple
Lair:1:   layout_small_grid, serial_bayou_pond_b, infiniplex_staircase_pool_2

Skill      XL: |  1  2  3  4  5  6  7  8  9 10 11 |
---------------+----------------------------------+-----
Conjurations   | 1 2 3 4 5 6 7 8 |  8.4
Spellcasting   | 3 4 5 6 8 9 11 | 11.8
Fire Magic     | 3 4 5 6 7 8 |  8.6
Shields        | 2 4 |  4.0
Dodging        | 2 4 |  4.0
Fighting       | 1 2 |  2.9
Invocations    | 1 2 |  2.7
Evocations     | 1 2 |  2.4
Air Magic      | 1 |  1.8
Poison Magic   | 1 |  1.8
Stealth        | |  1.5

Action                   |  1- 3 |  4- 6 |  7- 9 | 10-12 || total
-------------------------+-------+-------+-------+-------++-------
Melee: Unarmed           |     4 |       |       |       ||     4
       Short sword       |    14 |    15 |    54 |       ||    83
       Flail             |       |       |    65 |    24 ||    89
       Mace              |       |       |    26 |       ||    26
       Rapier            |       |       |       |   111 ||   111
       Staff             |       |       |       |     1 ||     1
 Cast: Foxfire           |    46 |   155 |   355 |   242 ||   798
       Sticky Flame      |       |       |     8 |    42 ||    50
       Fireball          |       |       |     5 |    45 ||    50
Invok: Channel Magic     |       |       |       |     1 ||     1
Evoke: Wand              |       |       |       |     4 ||     4
  Use: Scroll            |       |     7 |     7 |     1 ||    15
 Stab: Sleeping          |       |     1 |       |       ||     1
Armor: Robe              |     3 |     5 |       |       ||     8
       Leather armour    |       |       |    23 |    46 ||    69
Dodge: Dodged            |    11 |    21 |   127 |   127 ||   286
Block: Buckler           |       |       |     7 |    57 ||    64
